 Dungeon Crawl Stone Soup version 0.31.0-7-gf635a9b802 (webtiles) character file.

Game seed: 2648444930469461729

3386 puppykicker the Severer (level 9, 0/106 HPs)
             Began as a Minotaur Berserker on Jan 23, 2024.
             Was an Elder of Trog.
             Slain by an unseen horror (8 damage)
             ... on level 7 of the Dungeon.
             The game lasted 00:10:55 (5561 turns).

puppykicker the Severer (Minotaur Berserker)        Turns: 5561, Time: 00:10:56

Health: 0/106      AC:  7    Str: 27    XL:     9   Next: 74%
Magic:  8/8        EV: 11    Int:  4    God:    Trog [****..]
Gold:   424        SH:  0    Dex:  9    Spells: 8/8 levels left

rFire   + . .        a - +0 war axe
rCold   + . .        (no shield)
rNeg    . . .        s - +1 ring mail {rF+} {rF+}
rPois   .            (helmet restricted)
rElec   .            (no cloak)
rCorr   .            g - +0 pair of gloves
SInv    .            (no boots)
Will    .....        u - amulet of faith {Faith, !P} Stlth
                     I - ring of protection from cold
HPRegen 0.37/turn    (no ring)
MPRegen 0.11/turn

%: faith
@: berserking, very quick
A: horns 2, retaliatory headbutt
a: Renounce Religion, Berserk, Trog's Hand, Brothers in Arms


You were on level 7 of the Dungeon.
You worshipped Trog.
Trog was greatly pleased with you.
You visited 2 branches of the dungeon, and saw 8 of its levels.

You collected 424 gold pieces.

Inventory:

Hand Weapons
 a - a +0 war axe (weapon)
 b - a +1 dagger of venom
Armour
 g - a +0 pair of gloves (worn)
 s - a +1 ring mail of fire resistance (worn) {rF+}
Jewellery
 u - an amulet of faith (around neck) {Faith, !P}
 C - an amulet of reflection
 I - a ring of protection from cold (left hand)
Wands
 x - a wand of flame (24)
 y - a wand of roots (9)
 A - a wand of quicksilver (6)
Scrolls
 d - 7 scrolls of identify {unknown}
 e - 5 scrolls of teleportation {unknown}
 h - 2 scrolls of enchant weapon {unknown}
 i - a scroll of poison {unknown}
 l - 3 scrolls of revelation {unknown}
 n - 2 scrolls of blinking {unknown}
 o - 2 scrolls of amnesia {unknown}
 t - a scroll of brand weapon {unknown}
 v - a scroll of fear {unknown}
 z - a scroll of vulnerability {unknown}
 B - 2 scrolls of enchant armour {unknown}
 D - a scroll of fog {unknown}
Potions
 c - 3 potions of heal wounds {unknown}
 f - a potion of magic {unknown}
 j - 2 potions of attraction {unknown}
 k - 2 potions of cancellation {unknown}
 m - a potion of degeneration {unknown}
 p - 3 potions of curing {unknown}
 q - a potion of haste {unknown}
 r - 3 potions of enlightenment {unknown}
 w - a potion of mutation {unknown}


   Skills:
 + Level 4.2 Fighting
 + Level 16.1 Axes
 + Level 3.2 Armour
 - Level 2.1 Dodging
 + Level 1.3 Evocations


You had 8 spell levels left.
You didn't know any spells.
Your spell library was empty.

Dungeon Overview and Level Annotations

Branches:
Dungeon (7/15)             Temple (1/1) D:4

Altars:
Ashenzari
Cheibriados
Elyvilon
Fedhas
Hepliaklqana
Kikubaaqudgha
Makhleb
Nemelex Xobeh
Okawaru
Qazlal
Ru
Trog
Wu Jian
Yredelemnul
Zin
The Shining One

Shops:
D:4 (


Innate Abilities, Weirdness & Mutations

You have a pair of horns on your head.
You reflexively headbutt those who attack you in melee.


Message History

The gnoll sergeant hits you with a +0 trident.
* * * LOW HITPOINT WARNING * * *
Something hits you but does no damage.
You take 3 damage, and have 28/71 hp.
The gnoll sergeant hits you but does no damage.
The gnoll sergeant closely misses you.
The gnoll sergeant hits you with a +0 trident.
* * * LOW HITPOINT WARNING * * *
The ice beast hits you.
* * * LOW HITPOINT WARNING * * *
The ice beast freezes you. You resist.
* * * LOW HITPOINT WARNING * * *
You take 8 damage, and have 21/71 hp.
Unknown command.
A red film seems to cover your vision as you go berserk!
You feel yourself moving faster!
You feel mighty!
The gnoll sergeant hits you with a +0 trident.
* * * LOW HITPOINT WARNING * * *
The ice beast hits you but does no damage.
You now have 28/106 hp.
You slice the ice beast!! You punch the ice beast.
You kill the ice beast!
You hit the gnoll sergeant.
Your Armour skill increases to level 3!
Your Evocations skill increases to level 1!
You hit something. You slash the gnoll sergeant! Something hits you.
* * * LOW HITPOINT WARNING * * *
The gnoll sergeant hits you with a +0 trident.
* * * LOW HITPOINT WARNING * * *
You take 6 damage, and have 22/106 hp.
You slash something! You slash the gnoll sergeant!
You kill the gnoll sergeant!
Something hits you!
* * * LOW HITPOINT WARNING * * *
You take 8 damage, and have 14/106 hp.
You miss something. Something hits you.
* * * LOW HITPOINT WARNING * * *
You take 6 damage, and have 8/106 hp.
You miss something. Something hits you!
You die...

...# ..## ♣♣
...# ♣.♣ ...
♣.♣♣♣..
♣....## ..
♣.....#
...♣.....#
......{@.#
...##.).####+#
. ####'##...##
#..........#
#...[......#
#.........##
###..##...#
#+##
#..##...##...#
#............#


There were no monsters in sight!

Levels and vault maps discovered:
D:1:      dpeg_arrival_radiant, layout_loops_ring, dreamdust_wishing_well
D:2:      minmay_spotlight, layout_rooms, serial_rivers,
          chequers_serial_rivers_large_b, chequers_serial_rivers_large_a,
          chequers_serial_rivers_small_a, chequers_serial_rivers_micro_b,
          chequers_serial_rivers_small_a, kennysheep_another_room
D:3:      minmay_skewed_foursquare, layout_basic, mainiacjoe_overflow_24_doors,
          gammafunk_ghost_split, goddamned_bats
D:4:      layout_rooms, mainiacjoe_overflow_alcove_4, minmay_temple_entry_tees,
          serial_shops, nicolae_shop_bloodbath_and_beyond
D:5:      layout_loops_corners, cheibriados_altar_1, kennysheep_generic_room_10,
          uniq_ijyb, uniq_blork_the_orc
D:6:      minmay_bubble_buster, layout_cave_pods, fedhas_altar_3,
          dreamdust_gnoll_farm, uniq_jeremiah
D:7:      layout_gridville, kennysheep_little_box,
          nicolae_overflow_hidden_temple, kb_rosetta
Temple:   hc_temple_tempest_star

Notes
Turn   | Place    | Note
-------+----------+-------------------------------------------
     0 | D:1      | puppykicker the Minotaur Berserker began the quest for the
                  | Orb.
     0 | D:1      | Reached XP level 1. HP: 19/19 MP: 0/0
    89 | D:1      | Reached skill level 4 in Axes
   183 | D:1      | Identified a +0 dagger
   192 | D:1      | Reached XP level 2. HP: 24/26 MP: 1/1
   255 | D:1      | Identified a +1 dagger of venom
   285 | D:1      | Identified a +0 pair of gloves
   308 | D:1      | Identified a +0 hand axe
   473 | D:1      | Reached skill level 5 in Axes
   736 | D:1      | Reached XP level 3. HP: 31/31 MP: 2/2
   820 | D:2      | Identified a +0 ring mail
   843 | D:2      | Identified a +0 club
   970 | D:2      | Identified a +0 dagger
   984 | D:2      | Reached ** piety under Trog
   999 | D:2      | Identified a +3 dagger
  1084 | D:2      | Identified a +0 dagger
  1092 | D:2      | Reached skill level 6 in Axes
  1092 | D:2      | Reached XP level 4. HP: 37/39 MP: 3/3
  1174 | D:2      | Identified a +0 dagger
  1236 | D:2      | Identified a +0 club
  1236 | D:2      | Identified a +0 sling
  1239 | D:2      | Identified a +0 leather armour
  1453 | D:3      | Identified a +0 club
  1453 | D:3      | Identified a +0 leather armour
  1453 | D:3      | Noticed a phantom
  1453 | D:3      | Identified a +0 club
  1453 | D:3      | Identified a +0 scale mail
  1454 | D:3      | Identified a +0 club
  1454 | D:3      | Identified a +0 dagger
  1454 | D:3      | Identified a +0 robe
  1466 | D:3      | Identified a +0 dagger
  1466 | D:3      | Identified a +0 dagger
  1466 | D:3      | Identified a +0 scale mail
  1466 | D:3      | Identified a +0 dagger
  1466 | D:3      | Identified a +0 robe
  1466 | D:3      | Identified a +0 whip
  1466 | D:3      | Identified a +0 falchion
  1466 | D:3      | Identified a +0 leather armour
  1466 | D:3      | Identified a +0 war axe
  1477 | D:3      | HP: 2/39 [orc wizard/puff of flame (11)]
  1482 | D:3      | HP: 4/58 [orc wizard/magic dart (3)]
  1485 | D:3      | Reached XP level 5. HP: 6/45 MP: 4/4
  1486 | D:3      | Reached skill level 7 in Axes
  1487 | D:3      | HP: 6/67 [orc/+0 war axe (3)]
  1682 | D:3      | Identified a +0 club
  1682 | D:3      | Identified a +0 whip
  1682 | D:3      | Identified a +0 leather armour
  1683 | D:3      | Identified a +0 spear
  1684 | D:3      | Identified a +0 club
  1684 | D:3      | Identified a +0 leather armour
  1686 | D:3      | Identified a +0 hand axe
  1686 | D:3      | Identified a +2 ring mail of fire resistance
  1703 | D:3      | Found a bloodstained altar of Trog.
  1712 | D:3      | Identified a +0 flail
  1712 | D:3      | Identified a +1 ring mail of fire resistance
  1852 | D:3      | Identified a +0 dagger
  1853 | D:3      | Identified a +0 club
  1893 | D:3      | Identified a +0 spear
  1912 | D:3      | Killed a phantom
  1913 | D:3      | Reached skill level 8 in Axes
  1913 | D:3      | Reached XP level 6. HP: 46/51 MP: 5/5
  2087 | D:3      | Found a runed translucent gate.
  2088 | D:3      | Found a runed translucent gate.
  2088 | D:3      | Noticed jorslayerofgods's ghost (amateur HuNe)
  2090 | D:3      | Found a runed translucent gate.
  2355 | D:3      | Identified a +0 whip
  2498 | D:3      | Reached *** piety under Trog
  2511 | D:3      | Reached skill level 9 in Axes
  2655 | D:3      | Killed jorslayerofgods's ghost
  2656 | D:3      | Reached XP level 7. HP: 55/57 MP: 6/6
  2754 | D:4      | Identified a +0 club
  2756 | D:4      | Identified a +0 hand axe
  2762 | D:4      | Reached skill level 10 in Axes
  2763 | D:4      | Identified a +2 whip of electrocution
  2763 | D:4      | Identified a +0 ring mail
  2764 | D:4      | Identified a +0 short sword
  2788 | D:4      | Found an iron altar of Okawaru.
  2813 | D:4      | Found a staircase to the Ecumenical Temple.
  2830 | D:4      | Identified a +0 club
  2859 | Temple   | Entered the Ecumenical Temple
  2899 | D:4      | Identified a +0 war axe
  3045 | D:4      | Identified a +0 ring mail
  3079 | D:4      | Identified a +0 spear
  3088 | D:4      | Identified a +0 whip
  3100 | D:4      | Identified an amulet of faith
  3149 | D:4      | Found Uneol's Weapon Emporium.
  3178 | D:5      | Entered Level 5 of the Dungeon
  3222 | D:5      | Reached skill level 11 in Axes
  3367 | D:5      | Identified a +0 trident
  3367 | D:5      | Identified a +0 chain mail
  3368 | D:5      | Identified a +0 dagger
  3369 | D:5      | Identified a +0 hand axe
  3369 | D:5      | Identified a +0 hand axe
  3369 | D:5      | Identified a +0 robe
  3369 | D:5      | Noticed Blork the orc
  3369 | D:5      | Identified a +0 club
  3381 | D:5      | Reached XP level 8. HP: 55/64 MP: 7/7
  3385 | D:5      | Killed Blork the orc
  3387 | D:5      | Reached skill level 12 in Axes
  3575 | D:5      | Identified a +0 club
  3575 | D:5      | Identified a +0 ring mail
  3575 | D:5      | Noticed Ijyb
  3584 | D:5      | Killed Ijyb
  3602 | D:5      | Reached **** piety under Trog
  3713 | D:5      | Identified a +0 leather armour
  3717 | D:5      | Found a snail-covered altar of Cheibriados.
  3737 | D:5      | Identified a +0 dagger
  3737 | D:5      | Identified a +0 robe
  3765 | D:5      | Identified a +0 dagger
  3765 | D:5      | Identified a +0 robe
  3796 | D:5      | Identified a +0 hand axe
  3796 | D:5      | Identified a +0 leather armour
  3908 | D:5      | Identified the +5 whip of Springtime {speed, *Noise Dex+6}
  4172 | D:6      | Identified a +0 mace
  4173 | D:6      | Identified a +3 trident of draining
  4173 | D:6      | Identified a +0 robe
  4173 | D:6      | Identified an orb of energy
  4173 | D:6      | Noticed Jeremiah
  4205 | D:6      | Killed Jeremiah
  4206 | D:6      | Reached skill level 13 in Axes
  4392 | D:6      | Found a blossoming altar of Fedhas.
  4416 | D:6      | Identified a +0 orcbow
  4428 | D:6      | Identified a +0 giant club
  4429 | D:6      | Identified a +0 plate armour
  4574 | D:6      | Reached skill level 14 in Axes
  4580 | D:6      | Identified a +0 flail
  4617 | D:6      | Identified a +0 whip
  4617 | D:6      | Identified a +0 ring mail
  4643 | D:6      | Reached XP level 9. HP: 56/70 MP: 8/8
  4652 | D:6      | Identified an amulet of reflection
  4670 | D:6      | Identified a ring of protection from cold
  4808 | D:6      | Identified a +0 halberd
  4862 | D:6      | Identified a +0 halberd
  4863 | D:6      | Identified a +0 halberd
  5047 | D:6      | Reached skill level 15 in Axes
  5058 | D:6      | Identified a +1 spear of flaming
  5058 | D:6      | Identified a +0 scale mail
  5058 | D:6      | Identified a +0 buckler
  5205 | D:6      | Identified a +0 scimitar
  5205 | D:6      | Identified a +0 robe
  5205 | D:6      | Identified a +0 giant club
  5297 | D:6      | Identified a +0 club
  5297 | D:6      | Identified a +0 leather armour
  5297 | D:6      | Identified a +0 dagger
  5297 | D:6      | Identified a +0 leather armour
  5297 | D:6      | Identified a +0 flail
  5297 | D:6      | Identified a +0 club
  5297 | D:6      | Identified a +0 club
  5493 | D:7      | Reached skill level 16 in Axes
  5510 | D:7      | Identified a +0 giant club
  5517 | D:7      | Reached skill level 4 in Fighting
  5542 | D:7      | Identified a +0 leather armour
  5545 | D:7      | Identified a +0 trident
  5545 | D:7      | Identified a +0 ring mail
  5545 | D:7      | Identified a +0 buckler
  5558 | D:7      | Reached skill level 3 in Armour
  5558 | D:7      | Reached skill level 1 in Evocations
  5558 | D:7      | HP: 22/106 [gnoll sergeant/+0 trident (6)]
  5560 | D:7      | HP: 8/106 [something (6)]
  5561 | D:7      | Slain by an unseen horror

Table legend: (Time is in decaauts)
 A = Elapsed time spent in this place.
 B = Non-inter-level travel time spent in this place.
 C = Inter-level travel time spent in this place.
 D = Time resting spent in this place.
 E = Time spent auto-exploring this place.
 F = Levels seen in this place.
 G = Mean time per level.
                   A        B        C        D        E       F      G
               +--------+--------+--------+--------+--------+-----+--------+
         Total |   5611 |   5353 |    258 |    728 |   3579 |   8 |  701.4 |
       Dungeon |   5610 |   5352 |    258 |    728 |   3579 |   7 |  801.4 |
        Temple |      1 |      1 |      0 |      0 |      0 |   1 |    1.0 |
               +--------+--------+--------+--------+--------+-----+--------+

Top non-repeatable levels by time:
     D:3: 1341 daAuts
     D:6: 1296 daAuts
     D:5: 998 daAuts
     D:1: 808 daAuts
     D:2: 665 daAuts
     D:4: 434 daAuts
     D:7: 65 daAuts
  Temple: 1 daAuts

Table legend:
 A = Kills in this place as a percentage of kills in the entire game.
 B = Kills by you in this place as a percentage of kills by you in the entire game.
 C = Kills by friends in this place as a percentage of kills by friends in the entire game.
 D = Other kills in this place as a percentage of other kills in the entire game.
 E = Experience gained in this place as a percentage of experience gained in the entire game.
 F = Experience gained in this place divided by the number of levels of this place that you have seen.
                   A       B       C       D       E      F
               +-------+-------+-------+-------+-------+----------------------
         Total | 100.0 | 100.0 |   N/A |   N/A | 100.0 | 604.8
       Dungeon | 100.0 | 100.0 |   N/A |   N/A | 100.0 | 691.1
               +-------+-------+-------+-------+-------+----------------------

Skill      XL: |  1  2  3  4  5  6  7  8  9 |
---------------+----------------------------+-----
Axes           | 4 5 6 8 9 11 14 16 | 16.1
Fighting       | 4 |  4.2
Armour         | 3 |  3.2
Evocations     | 1 |  1.3
Dodging        | |  2.1

Action                     |  1- 3 |  4- 6 |  7- 9 || total
---------------------------+-------+-------+-------++-------
  Melee: Hand axe          |    63 |    25 |       ||    88
         Headbutt          |     7 |    16 |    36 ||    59
         Punch             |       |     1 |     2 ||     3
         War axe           |       |   107 |   243 ||   350
 Invoke: Berserk           |       |     2 |     3 ||     5
         Trog's Hand       |       |     1 |     1 ||     2
 Armour: Animal skin       |    18 |       |       ||    18
         Ring mail         |    12 |   111 |   158 ||   281
         Skin              |       |     1 |       ||     1
  Dodge: Dodged            |    46 |    85 |   103 ||   234

Vanquished Creatures
  Jeremiah (D:6)
  A yak (D:6)
  A water moccasin (D:5)
  A sky beast (D:6)
  2 black bears
  An ice beast (D:7)
  3 ogres
  A centaur (D:6)
  The ghost of jorslayerofgods the Grave Robber, an amateur HuNe (D:3)
  Blork the orc (D:5)
  3 phantoms
  2 gnoll sergeants
  7 scorpions
  A wight (D:6)
  4 howler monkeys
  A vampire bat (D:3)
  2 jellies
  5 orc priests
  2 bombardier beetles
  4 hounds (D:6)
  3 sleepcaps
  4 orc wizards
  Ijyb (D:5)
  4 iguanas
  4 gnolls
  10 adders
  A shadow imp (D:6)
  2 ufetubi (D:5)
  A ribbon worm (D:3)
  5 dart slugs
  3 fire bats (D:3)
  24 orcs
  2 spectral bats (D:3)
  8 ball pythons
  12 bats
  3 bat skeletons (D:3)
  A bat zombie (D:3)
  5 endoplasms
  3 giant cockroaches
  11 goblins
  4 hobgoblins
  7 jackals
  2 quokkas
  A bat simulacrum (D:3)
  4 frilled lizards
  A kobold (D:3)
  8 rats
178 creatures vanquished.
